 Dungeon Crawl Stone Soup version 0.25-a0-492-g44cc58d149 (webtiles) character file.

Game seed: 8310183958989649400, levelgen mode: deterministic

1650 kae the Martial Artist (level 8, -2/65 HPs)
             Began as a Demonspawn Gladiator on Feb 11, 2020.
             Slain by an orc warrior
             ... wielding a +0 great sword
              (21 damage)
             ... on level 6 of the Dungeon.
             The game lasted 00:04:27 (6161 turns).

kae the Martial Artist (Demonspawn Gladiator)       Turns: 6161, Time: 00:04:27

Health: -2/65      AC:  9    Str: 15    XL:     8   Next: 67%
Magic:  8/8        EV: 13    Int: 10    God:
Gold:   200        SH:  0    Dex: 16    Spells: 7/7 levels left

rFire    . . .     SeeInvis +     - Unarmed
rCold    . . .     Gourm    .   (no shield)
rNeg     . . .     Faith    .   g - +3 leather armour of Insecurity {rElec rPois MR- SInv}
rPois    +         Spirit   .   b - +0 helmet
rElec    +         Reflect  .   (no cloak)
rCorr    .         Harm     .   (no gloves)
MR       .....                  (no boots)
Stlth    +.........             (no amulet)
HPRegen  0.20/turn              (no ring)
MPRegen  0.11/turn              (no ring)

@: no status effects
A: claws 2, yellow scales 1, rot immunity
a: no special abilities


You were on level 6 of the Dungeon.
You were not hungry.

You visited 1 branch of the dungeon, and saw 6 of its levels.

You collected 270 gold pieces.
You spent 70 gold pieces at shops.

Inventory:

Hand Weapons
 m - a +2 glaive of pain
Missiles
 c - 4 throwing nets (quivered)
Armour
 a - a +0 leather armour
 b - a +0 helmet (worn)
 g - the +3 leather armour of Insecurity (worn) {rElec rPois MR- SInv}
   (You found it on level 5 of the Dungeon)

   It insulates you from electricity.
   It protects you from poison.
   It affects your resistance to hostile enchantments.
   It lets you see invisible.
   If you remove this armour, your AC will decrease by 6 (9 -> 3).
Wands
 e - a wand of polymorph (10)
Scrolls
 f - 2 scrolls of fog
 i - 2 scrolls of teleportation
 j - a scroll of enchant weapon
 n - a scroll of fear {unknown}
 s - 2 scrolls of identify
 t - 3 scrolls of enchant armour {unknown}
 u - a scroll of immolation {unknown}
 w - a scroll of amnesia
Potions
 h - 3 potions of brilliance
 k - 2 potions of degeneration
 l - a potion of magic
 o - 2 potions of flight
 p - a potion of agility {unknown}
 q - 2 potions of lignification
 r - 2 potions of curing
Comestibles
 d - 7 rations


   Skills:
 + Level 6.6 Fighting
 - Level 1.7 Throwing
 - Level 2.6 Dodging
 * Level 8.8 Unarmed Combat


You had 7 spell levels left.
You didn't know any spells.
Your spell library contained the following spells:

 Spells                   Type           Power        Failure   Level  Hunger
 Corona                   Hex            #......      43%         1    ##.....
 Slow                     Hex            #.......     56%         2    ###....
 Inner Flame              Hex/Fire       #.......     80%         3    ####...
 Portal Projectile        Hex/Tloc       #.....       80%         3    ####...
 Cause Fear               Hex            #.........   99%         4    #####..
 Leda's Liquefaction      Hex/Erth       #.........   99%         4    #####..


Dungeon Overview and Level Annotations

Branches:
Dungeon (6/15)
 Temple: D:4-7

Altars:
Ashenzari
Cheibriados
Kikubaaqudgha
Xom
Yredelemnul

Shops:
D:4 !

Annotations:
D:5 3 runed translucent doors, Prince Ribbit; olaf's ghost, novice MiGl


Innate Abilities, Weirdness & Mutations

You have very sharp fingernails.
You are partially covered in yellow scales. (AC +2)
You are immune to rotting.


Message History

You barely miss the orc warrior.
The orc warrior is heavily wounded.
You barely miss the orc warrior.
The orc warrior is heavily wounded.
The orc warrior hits you with a +0 great sword!!
You are too injured to fight recklessly!
You are too injured to fight recklessly!
You are too injured to fight recklessly!
You are too injured to fight recklessly!
You are too injured to fight recklessly!
You scratch the orc warrior but do no damage.
The orc warrior is heavily wounded.
You scratch the orc warrior but do no damage.
The orc warrior is heavily wounded.
The orc warrior hits you with a +0 great sword!!
* * * LOW HITPOINT WARNING * * *
You closely miss the orc warrior.
The orc warrior is heavily wounded.
The orc warrior hits you with a +0 great sword!!
You die...

.....#.###..#..†....# .#####
....##.###..#.......# .....
....#.......#...)...#.. #...
....#.......+.......#.. #...
....#..##...#.......#'##### #...
....#..##...#.............#+##...
....#.......##'#####.............
....#.......)......#.............
....#...........@..+.............
....#######.###o####.............
###########.##......o.##'######+#
.#....#......#........'......#...
.#....#......#........#......'...
##....#......'........######.##..
##....#......#...)#####..###'##..
......#......#....'...'....#.....
##..###..##..#....#...#....+.....


You could see an orc warrior.

Vanquished Creatures
  Maggie (D:6)
  A sky beast (D:6)
  An ogre (D:6)
  3 centaurs (D:5)
  2 bullfrogs (D:6)
  A scorpion (D:4)
  6 crimson imps
  An iron imp (D:5)
  3 orc priests
  A hound (D:6)
  A jelly (D:6)
  3 orc wizards
  2 worker ants
  11 gnolls
  7 adders
  2 adder skeletons
  4 worms
  2 dart slugs (D:2)
  3 leopard geckos
  12 orcs
  7 giant cockroaches
  A goblin (D:1)
  4 hobgoblins
  4 jackals (D:1)
  6 kobolds
  3 quokkas
  2 ball pythons
  9 bats
  7 frilled lizards
  A leopard gecko skeleton (D:4)
  5 rats
116 creatures vanquished.

Notes
Turn   | Place    | Note
-------+----------+-------------------------------------------
     0 | D:1      | kae the Demonspawn Gladiator began the quest for the Orb.
     0 | D:1      | Reached XP level 1. HP: 16/16 MP: 1/1
   309 | D:1      | Reached skill level 3 in Unarmed Combat
   331 | D:1      | Gained mutation: You are immune to rotting. [demonic
                  | ancestry]
   331 | D:1      | Reached XP level 2. HP: 15/22 MP: 2/2
  1165 | D:2      | Gained mutation: You have sharp fingernails. [demonic
                  | ancestry]
  1165 | D:2      | Reached XP level 3. HP: 28/28 MP: 3/3
  1334 | D:2      | Found a faded altar of an unknown god.
  1959 | D:3      | Found a basalt altar of Yredelemnul.
  2005 | D:3      | Reached skill level 4 in Unarmed Combat
  2005 | D:3      | Reached XP level 4. HP: 31/35 MP: 4/4
  2274 | D:3      | Found a shattered altar of Ashenzari.
  2335 | D:3      | Found an ancient bone altar of Kikubaaqudgha.
  2496 | D:4      | Gained mutation: You are partially covered in yellow
                  | scales. (AC +2) [demonic ancestry]
  2496 | D:4      | Reached XP level 5. HP: 16/41 MP: 5/5
  2859 | D:4      | HP: 1/41 [orc wizard/magic dart (10)]
  2869 | D:4      | Reached skill level 5 in Unarmed Combat
  3251 | D:4      | Reached XP level 6. HP: 46/48 MP: 6/6
  3347 | D:4      | Found Ciqaull Rowy's Distillery.
  3350 | D:4      | Bought a potion of lignification for 30 gold pieces
  3350 | D:4      | Bought a potion of degeneration for 10 gold pieces
  3350 | D:4      | Bought a potion of curing for 30 gold pieces
  3918 | D:5      | Entered Level 5 of the Dungeon
  4037 | D:5      | Reached skill level 6 in Unarmed Combat
  4037 | D:5      | Reached XP level 7. HP: 7/55 MP: 7/7
  4163 | D:5      | Got a shimmering leather armour
  4310 | D:5      | Identified the +3 leather armour of Insecurity {rElec rPois
                  | MR- SInv} (You found it on level 5 of the Dungeon)
  4500 | D:5      | Found a snail-covered altar of Cheibriados.
  4674 | D:5      | Found a shimmering altar of Xom.
  4685 | D:5      | Reached skill level 5 in Fighting
  4693 | D:5      | Found a runed translucent gate.
  4693 | D:5      | Found a runed translucent gate.
  4771 | D:5      | Found a runed translucent gate.
  4771 | D:5      | Noticed olaf's ghost (novice MiGl)
  4807 | D:5      | Reached skill level 7 in Unarmed Combat
  4844 | D:6      | Noticed Prince Ribbit
  4845 | D:6      | Noticed Prince Ribbit
  4845 | D:6      | Prince Ribbit changed into Prince Ribbit the fire crab
  5139 | D:6      | Noticed Maggie
  5155 | D:6      | Killed Maggie
  5155 | D:6      | Gained mutation: You have very sharp fingernails. [demonic
                  | ancestry]
  5155 | D:6      | Reached XP level 8. HP: 25/64 MP: 8/8
  5656 | D:6      | Reached skill level 8 in Unarmed Combat
  6161 | D:6      | Slain by an orc warrior

Levels and vault maps discovered:
D:1:      lightli_arrival_windingriver, layout_basic
D:2:      layout_basic, chequers_ecumenical_altar_simple_redux
D:3:      layout_basic, kiku_gazebo_garden_becter, overflow_temple_1_default,
          old_standard_altar
D:4:      layout_basic, serial_shops, kennysheep_mini, first_ration
D:5:      layout_rooms, led_xom_imps, slow_altar_2, ebering_ghost_rock_garden
D:6:      layout_gridville, minmay_temple_entry_from_below_a, minivault_23,
          uniq_prince_ribbit1, uniq_maggie

Skill      XL: |  1  2  3  4  5  6  7  8 |
---------------+-------------------------+-----
Unarmed Combat | 3 4 5 6 7 8 |  8.8
Fighting       | 3 4 5 6 |  6.6
Throwing       | |  1.7
Dodging        | |  2.6

Action                   |  1- 3 |  4- 6 |  7- 9 || total
-------------------------+-------+-------+-------++-------
Melee: Unarmed           |   139 |   192 |   161 ||   492
       Punch             |     2 |     3 |     4 ||     9
Evoke: Wand              |       |       |     1 ||     1
  Use: Scroll            |     5 |     7 |     1 ||    13
       Potion            |       |     3 |     1 ||     4
 Stab: Sleeping          |     1 |       |       ||     1
  Eat: Chunk             |     3 |     7 |     7 ||    17
Armor: Leather armour    |    60 |    43 |    34 ||   137
Dodge: Dodged            |   103 |   107 |    76 ||   286

Table legend:
 A = Non-vault XP
 B = Vault XP
 C = Vault XP percentage of total XP
 D = Non-vault monster count
 E = Vault monster count
 F = Vault count percentage of total count
                 A         B        C        D         E       F
            +---------+---------+-------+---------+---------+-------
      Total |    1744 |     614 |  26.0 |     110 |       6 |   5.2
            +---------+---------+-------+---------+---------+-------
        D:1 |      39 |       0 |   0.0 |      24 |       0 |   0.0
        D:2 |      38 |       0 |   0.0 |      18 |       0 |   0.0
        D:3 |      89 |       0 |   0.0 |      12 |       0 |   0.0
        D:4 |     338 |       0 |   0.0 |      25 |       0 |   0.0
        D:5 |     477 |     238 |  33.3 |      11 |       5 |  31.2
        D:6 |     763 |     376 |  33.0 |      20 |       1 |   4.8
            +---------+---------+-------+---------+---------+-------
